 Dungeon Crawl Stone Soup version 0.22-a0-373-gab1296c (webtiles) character file.

115 iamserjio the Vandal (level 4, -1/23 HPs)
             Began as a Spriggan Hunter on Apr 25, 2018.
             Was an Initiate of Okawaru.
             Slain by a crimson imp
             ... wielding a +0 rapier
              (8 damage)
             ... on level 2 of the Dungeon.
             The game lasted 00:11:57 (3318 turns).

iamserjio the Vandal (Spriggan Hunter)              Turns: 3318, Time: 00:11:57

Health: -1/23      AC:  2    Str:  9    XL:     4   Next: 68%
Magic:  5/5        EV: 20    Int: 12    God:    Okawaru [......]
Gold:   105        SH:  0    Dex: 16    Spells: 3/3 levels left

rFire    . . .     SeeInvis +   a - +1 hunting sling
rCold    . . .     Gourm    .   (shield restricted)
rNeg     . . .     Faith    .   c - +0 robe
rPois    .         Spirit   .   (helmet restricted)
rElec    .         Reflect  .   (no cloak)
rCorr    .         Harm     .   (gloves unavailable)
MR       .....                  (boots unavailable)
Stlth    ++........             (no amulet)
HPRegen  0.07/turn              (no ring)
MPRegen  0.09/turn              (no ring)

@: very quick
A: very small, unfitting armour, see invisible, herbivore, speed 3, slow
metabolism 2
a: Renounce Religion


You were on level 2 of the Dungeon.
You worshipped Okawaru.
Okawaru was noncommittal.
You were not hungry.

You visited 1 branch of the dungeon, and saw 3 of its levels.

You collected 105 gold pieces.

Inventory:

Hand Weapons
 a - a +1 hunting sling (weapon)
 b - a +0 short sword
 o - a +0 dagger
Missiles
 d - 11 poisoned needles
 h - 47 stones (quivered)
 q - 40 arrows
Armour
 c - a +0 robe (worn)
 l - a +0 leather armour
Scrolls
 e - 2 scrolls of teleportation {unknown}
 g - a scroll of fog {unknown}
 i - a scroll of enchant weapon {unknown}
 k - 5 scrolls of remove curse {unknown}
 m - a scroll of identify {unknown}
 r - a scroll of amnesia {unknown}
Potions
 j - a potion of invisibility {unknown}
 n - a potion of degeneration {unknown}
 p - a potion of brilliance {unknown}
Comestibles
 f - 3 rations


   Skills:
 + Level 2.4 Fighting
 * Level 6.2 Slings
 + Level 4.4 Dodging
 - Level 1.5 Stealth


You had 3 spell levels left.
You didn't know any spells.

Dungeon Overview and Level Annotations

Branches:
Dungeon (3/15)

Altars:
Okawaru
Sif Muna

Annotations:
D:3 Ijyb


Innate Abilities, Weirdness & Mutations

You are very small and have problems with some larger weapons.
You are too small for most types of armour.
You have supernaturally acute eyesight. (SInv)
You are a herbivore.
You cover ground extremely quickly.
You need to consume almost no food.


Message History

No target in view!
r - a scroll labeled TOQESHI BUEMA You now have 105 gold pieces (gained 8).
h - 42 stones (gained 2)
Things that are here:
a club; a hunting sling; a hobgoblin corpse Sorry, you're a herbivore.
You see here a stone.
Things that are here:
a stone; a short sword You see here 3 stones.
h - 45 stones (gained 3)
Things that are here:
a stone; a short sword
h - 46 stones (gained 1)
The crimson imp hits you with a rapier.
You see here a stone.
h - 47 stones (gained 1)
The crimson imp hits you with a rapier!
You die...

........# #.........######
........# #.........# ......###
#.........# ### ####.##
##>#######.# #.# # #.# #..# #.#
#.# # #.### #..# #.# #.# ####.#.#
#..# #.######.# .......#
#.)#######.##.....# ####.#<#
#..@.....#.##.###.# ...#.#.#
#..5)....#.##.# #5# ...#.#.#
####.#......#.##.# #.# ...#.#.#
#....####........# #.#
.....#.####.##.######.#..#.# #.#
.........................#.###.##
...#.#.####.##.######............
...#.#.####.##.######..÷.#.####.#
...#.#...............†...........


You could see a crimson imp.

Vanquished Creatures
  6 adders
  2 oozes
  A worm (D:2)
  2 leopard geckos (D:2)
  An orc (D:3)
  6 bats
  2 giant cockroaches
  2 goblins (D:2)
  6 hobgoblins
  2 jackals (D:3)
  8 kobolds
  3 ball pythons
  2 frilled lizards
  7 rats
50 creatures vanquished.

Notes
Turn   | Place    | Note
-------+----------+-------------------------------------------
     0 | D:1      | iamserjio the Spriggan Hunter began the quest for the Orb.
     0 | D:1      | Reached XP level 1. HP: 10/10 MP: 2/2
   121 | D:1      | Reached skill level 5 in Slings
   215 | D:1      | Reached XP level 2. HP: 15/15 MP: 3/3
   940 | D:2      | Reached XP level 3. HP: 14/18 MP: 4/4
  1509 | D:2      | Reached XP level 4. HP: 20/23 MP: 5/5
  2126 | D:2      | Found a deep blue altar of Sif Muna.
  2162 | D:2      | Reached skill level 6 in Slings
  2735 | D:3      | Found an iron altar of Okawaru.
  2744 | D:3      | Became a worshipper of Warmaster Okawaru
  2899 | D:3      | Noticed Ijyb
  3318 | D:2      | Slain by a crimson imp

Vault maps used:
D:1:      lemuel_arrival_river_bridge, minmay_domino_4
D:2:      led_sif_pool
D:3:      lemuel_coloured_pillars_altar, first_ration,
          kennysheep_generic_room_10, uniq_ijyb

Skill      XL: |  1  2  3  4 |
---------------+-------------+-----
Slings         | 5 6 |  6.2
Fighting       | 2 |  2.4
Dodging        | 4 |  4.4
Stealth        | |  1.5

Action                   |  1- 3 |  4- 6 || total
-------------------------+-------+-------++-------
 Fire: Hunting sling     |   104 |    99 ||   203
Armor: Robe              |     1 |     4 ||     5
Dodge: Dodged            |    25 |    38 ||    63

Table legend:
 A = Spawn XP
 B = Non-spawn XP
 C = Spawn XP percentage of total XP
 D = Spawn monster count
 E = Non-spawn monster count
 F = Spawn count percentage of total count
 G = Total turns spent on level
                    A         B        C        D         E        F      G
               +---------+---------+-------+---------+---------+-------+---------
         Total |       0 |     165 |   0.0 |       0 |      50 |   0.0 |  3318
               +---------+---------+-------+---------+---------+-------+---------
           D:1 |       0 |      25 |   0.0 |       0 |      13 |   0.0 |   899
           D:2 |       0 |     112 |   0.0 |       0 |      28 |   0.0 |  1957
           D:3 |       0 |      28 |   0.0 |       0 |       9 |   0.0 |   462
               +---------+---------+-------+---------+---------+-------+---------
